 Dungeon Crawl Stone Soup version 0.23.2-1-ga50397a (webtiles) character file.

Game seed: 94597288457770442

618 harcile the Firebug (level 7, -3/52 HPs)
             Began as a Hill Orc Fire Elementalist on Apr 18, 2019.
             Was an Initiate of Vehumet.
             Slain by a wyvern (6 damage)
             ... on level 5 of the Dungeon.
             The game lasted 00:18:35 (4562 turns).

harcile the Firebug (Hill Orc Fire Elementalist)    Turns: 4562, Time: 00:18:36

Health: -3/52      AC: 13    Str: 13    XL:     7   Next: 45%
Magic:  1/12       EV:  9    Int: 17    God:    Vehumet [......]
Gold:   249        SH:  0    Dex: 11    Spells: 0/13 levels left

rFire    . . .     SeeInvis .   n - +0 quarterstaff
rCold    + . .     Gourm    .   (shield currently unavailable)
rNeg     . . .     Faith    .   p - +2 scale mail {MR+}
rPois    .         Spirit   .   (no helmet)
rElec    .         Reflect  .   (no cloak)
rCorr    .         Harm     .   f - +0 pair of gloves
MR       +....                  (no boots)
Stlth    ..........             (no amulet)
HPRegen  0.17/turn              t - ring of wizardry
MPRegen  0.13/turn              y - +4 ring of protection

@: no status effects
A: cold resistance 1, strong 1
a: Renounce Religion


You were on level 5 of the Dungeon.
You worshipped Vehumet.
Vehumet was noncommittal.
You were not hungry.

You visited 2 branches of the dungeon, and saw 7 of its levels.

You collected 249 gold pieces.

Inventory:

Hand Weapons
 n - a +0 quarterstaff (weapon)
Armour
 a - a +0 robe
 f - a +0 pair of gloves (worn)
 p - a +2 scale mail of magic resistance (worn)
 u - a +2 robe of fire resistance
 C - a +0 pair of gloves
Jewellery
 t - a ring of wizardry (left hand)
 y - a +4 ring of protection (right hand)
 z - an uncursed ring of poison resistance {unknown}
 E - a cursed ring of attention {unknown}
Wands
 l - a wand of paralysis (8)
 q - a wand of polymorph (7)
Scrolls
 b - a scroll of fog {unknown}
 d - a scroll of remove curse {unknown}
 e - 3 scrolls of amnesia {unknown}
 i - 3 scrolls of identify {unknown}
 k - 5 scrolls of teleportation {unknown}
 s - a scroll of fear {unknown}
 v - a scroll of blinking {unknown}
Potions
 g - 2 potions of lignification
 h - a potion of agility
 o - a potion of degeneration {unknown}
 r - a potion of invisibility
 w - a potion of curing {unknown}
 x - a potion of brilliance {unknown}
 A - a potion of cancellation
 B - a potion of magic {unknown}
Comestibles
 c - 6 rations
 D - a chunk of flesh


   Skills:
 + Level 1.5 Fighting
 + Level 2.6 Armour
 - Level 2.0 Dodging
 + Level 1.9 Stealth
 + Level 3.9 Spellcasting
 + Level 3.2 Conjurations
 + Level 5.2 Fire Magic


You couldn't memorise any spells.
You knew the following spells:

 Your Spells              Type           Power        Failure   Level  Hunger
a - Throw Flame           Conj/Fire      ###...       8%          2    ##.....
b - Blink                 Tloc           N/A          38%         2    ##.....
c - Conjure Flame         Conj/Fire      ###.....     16%         3    ###....
f - Flame Tongue          Conj/Fire      ###..        5%          1    None
s - Sticky Flame          Conj/Fire      ###.....     43%         4    ####...
z - Magic Dart            Conj           ##..         8%          1    None

Your spell library contained the following spells:

 Spells                   Type           Power        Failure   Level  Hunger
 Confusing Touch          Hex            #.....       28%         1    None
 Inner Flame              Hex/Fire       ##......     28%         3    ###....
 Call Imp                 Summ           #.......     38%         2    ##.....
 Slow                     Hex            #.......     38%         2    ##.....
 Mephitic Cloud           Conj/Pois/Air  #.......     45%         3    ###....
 Confuse                  Hex            #.......     61%         3    ###....
 Gell's Gravitas          Tloc           #.........   61%         3    ###....
 Fireball                 Conj/Fire      ###.......   77%         5    ######.
 Petrify                  Tmut/Erth      #.......     94%         4    ####...
 Metabolic Englaciation   Hex/Ice        #.........   100%        5    ######.
 Yara's Violent Unravell  Hex/Tmut       #.........   100%        5    ######.


Dungeon Overview and Level Annotations

Branches:
Dungeon (6/15)             Temple (1/1) D:5

Altars:
Ashenzari
Cheibriados
Elyvilon
Gozag
Hepliaklqana
Kikubaaqudgha
Nemelex Xobeh
Okawaru
Qazlal
Ru
Trog
Uskayaw
Vehumet
Wu Jian
Yredelemnul
Zin
The Shining One

Annotations:
D:4 Sigmund
D:5 Eustachio


Innate Abilities, Weirdness & Mutations

Your flesh is cold resistant. (rC+)
Your muscles are strong. (Str +2)


Message History

The wyvern bites you.
* * * LOW HITPOINT WARNING * * *
The wyvern bites you but does no damage.
It was a potion of invisibility.
You fade into invisibility!
The wyvern bites you but does no damage.
It was a potion of cancellation.
Your magical effects are unravelling.
You feel magically purged.
Your magical contamination has completely faded away.
You feel less wooden.
Your +0 pair of gloves unmelds from your body.
Your +2 scale mail of magic resistance unmelds from your body.
You feel resistant to hostile enchantments.
You flicker back into view.
You feel a little less mighty now.
You feel a little less agile now. The wyvern bites you.
* * * LOW HITPOINT WARNING * * *
The wyvern bites you.
You die...

#..................###.......##'
#.......#..........# #...#.#....
#.......#..........###..........
#.......#...........#...#.⌠.#...
#########.............#.......#.
#..................#...⌠.>.⌠...
#..........#######...#.......#.
#..........#########...#.⌠.#...
#......^......@lJ.###........##
#.........#######.......#.#.##
##########....# #.####......#
#.##.###.# #...#.## #.#....#.#
##....# #.#..#.#.# #...##
#.#..#.#.## #### #.#..#....#
#.######..#


You could see a wyvern and a jelly.

Vanquished Creatures
  2 centaurs
  A crimson imp (D:6)
  2 jellies
  A hound (D:5)
  Jessica (D:3)
  An iguana (D:5)
  Terence (D:3)
  3 worker ants
  3 gnolls (D:4)
  5 adders
  A shadow imp (D:5)
  An ooze (D:3)
  2 worms (D:3)
  2 leopard geckos
  4 orcs (D:5)
  2 ball pythons
  5 bats
  7 giant cockroaches
  4 goblins
  8 hobgoblins
  16 jackals
  3 quokkas
  4 frilled lizards
  12 kobolds
  2 quokka skeletons
  5 rats
98 creatures vanquished.

Notes
Turn   | Place    | Note
-------+----------+-------------------------------------------
     0 | D:1      | harcile the Hill Orc Fire Elementalist began the quest for
                  | the Orb.
     0 | D:1      | Reached XP level 1. HP: 14/14 MP: 3/3
   185 | D:1      | Reached XP level 2. HP: 10/20 MP: 0/4
   832 | D:1      | Reached XP level 3. HP: 17/26 MP: 0/5
  1403 | D:2      | Found a bloodstained altar of Trog.
  1411 | D:2      | Learned a level 2 spell: Throw Flame
  1415 | D:2      | Learned a level 3 spell: Conjure Flame
  1608 | D:2      | Found an opulent altar of Gozag.
  1609 | D:2      | Found a glowing silver altar of Zin.
  1906 | D:3      | Reached skill level 4 in Fire Magic
  1983 | D:3      | Reached XP level 4. HP: 33/34 MP: 0/7
  2000 | D:3      | Noticed Terence
  2131 | D:3      | Killed Terence
  2537 | D:3      | Noticed Jessica
  2553 | D:3      | Killed Jessica
  2553 | D:3      | Reached XP level 5. HP: 37/39 MP: 0/8
  2585 | D:3      | Found a sparkling altar of Nemelex Xobeh.
  2771 | D:3      | Reached skill level 1 in Fighting
  3303 | D:4      | Learned a level 4 spell: Sticky Flame
  3334 | D:4      | Reached skill level 1 in Armour
  3334 | D:4      | Reached XP level 6. HP: 41/47 MP: 0/10
  3502 | D:4      | Noticed Sigmund
  3729 | D:5      | Entered Level 5 of the Dungeon
  3841 | D:5      | Found a staircase to the Ecumenical Temple.
  3849 | D:5      | Reached skill level 5 in Fire Magic
  3864 | Temple   | Entered the Ecumenical Temple
  4073 | Temple   | Became a worshipper of Vehumet
  4155 | D:5      | Reached XP level 7. HP: 52/52 MP: 8/12
  4156 | D:5      | Noticed a wyvern
  4246 | D:5      | Noticed Eustachio
  4498 | D:5      | Learned a level 1 spell: Magic Dart
  4501 | D:5      | Learned a level 2 spell: Blink
  4557 | D:5      | Gained mutation: Your flesh is cold resistant. (rC+)
                  | [potion of mutation]
  4557 | D:5      | Gained mutation: Your magical capacity is low. (-10% MP)
                  | [potion of mutation]
  4557 | D:5      | Lost mutation: Your magical capacity is low. (-10% MP)
                  | [potion of mutation]
  4557 | D:5      | Gained mutation: Your muscles are strong. (Str +2) [potion
                  | of mutation]
  4562 | D:5      | Slain by a wyvern

Skill      XL: |  1  2  3  4  5  6  7 |
---------------+----------------------+-----
Spellcasting   | 2 3 |  3.9
Dodging        | 2 |  2.0
Fire Magic     | 4 5 |  5.2
Conjurations   | 2 3 |  3.2
Fighting       | 1 |  1.5
Armour         | 1 2 |  2.6
Stealth        | |  1.9

Action                   |  1- 3 |  4- 6 |  7- 9 || total
-------------------------+-------+-------+-------++-------
Melee: Unarmed           |    91 |       |       ||    91
       Quarterstaff      |       |    87 |    25 ||   112
 Cast: Flame Tongue      |    71 |    81 |    17 ||   169
       Throw Flame       |       |     5 |     2 ||     7
       Magic Dart        |       |       |    10 ||    10
  Use: Potion            |       |       |     6 ||     6
  Eat: Chunk             |     5 |     8 |     1 ||    14
Armor: Robe              |    39 |       |       ||    39
       Scale mail        |       |    71 |    15 ||    86
       Skin              |       |       |    17 ||    17
Dodge: Dodged            |    92 |    75 |    25 ||   192
